 Dungeon Crawl Stone Soup version 0.30.0 (webtiles) character file.

Game seed: 2505056895058499251

7893 WillB5 the Geomancer (level 11, 94/94 HPs)
             Began as a Hill Orc Earth Elementalist on May 7, 2023.
             Was a Priest of Kikubaaqudgha.
             Quit the game on level 1 of the Lair of Beasts on May 8, 2023.
             The game lasted 02:29:08 (9262 turns).

WillB5 the Geomancer (Hill Orc Earth Elementalist)  Turns: 9262, Time: 02:29:08

Health: 94/94      AC: 10    Str: 12    XL:     11   Next: 22%
Magic:  15/20      EV: 12    Int: 19    God:    Kikubaaqudgha [***...]
Gold:   491        SH:  4    Dex: 11    Spells: 16/22 levels left

rFire   . . .        w - +7 dagger "Polyoq" {heavy, rC+ Will++}
rCold   + . .        O - +0 buckler
rNeg    . . .        P - +0 steam dragon scales
rPois   .            t - +0 helmet
rElec   .            G - scarf {shadows}
rCorr   .            u - +1 pair of gloves
SInv    .            H - +0 pair of boots
Will    ++...        B - amulet of magic regeneration
Stlth   ++           I - ring of wizardry
HPRegen 0.35/turn    (no ring)
MPRegen 0.57/turn

%: wizardry (x1)
@: no status effects
A: no striking features
a: Renounce Religion, Unearth Wretches


You were on level 1 of the Lair of Beasts.
You worshipped Kikubaaqudgha.
Kikubaaqudgha was most pleased with you.
You visited 3 branches of the dungeon, and saw 11 of its levels.
You also visited: Ossuary.

You collected 589 gold pieces.
You spent 98 gold pieces at shops.

Inventory:

Hand Weapons
 k - a +0 sling
 l - the +3 war axe of Upheaval {venom, Fly rPois rF++}
   (You found it on level 8 of the Dungeon)

   rF:        It greatly protects you from fire.
   rPois:     It protects you from poison.
   Fly:       It grants you flight.
 w - the +7 dagger "Polyoq" (weapon) {heavy, rC+ Will++}
   (You found it on level 3 of the Dungeon)

   rC:        It protects you from cold.
   Will:      It greatly increases your willpower.
Missiles
 d - 79 stones (quivered)
 p - 16 poisoned darts
Armour
 t - a +0 helmet (worn)
 u - a +1 pair of gloves (worn)
 G - a scarf of shadows (worn)
 H - a +0 pair of boots (worn)
 O - a +0 buckler (worn)
 P - +0 steam dragon scales (worn)
Jewellery
 B - an amulet of magic regeneration (around neck)
 I - a ring of wizardry (left hand)
Wands
 r - a wand of charming (14)
 Q - a wand of iceblast (10)
Scrolls
 a - a scroll of enchant armour
 e - a scroll of summoning
 g - 2 scrolls of fear
 i - 3 scrolls of magic mapping
 q - a scroll of fog {unknown}
 v - 4 scrolls of teleportation
 y - 3 scrolls of noise
 E - a scroll of brand weapon {unknown}
 F - 3 scrolls of blinking
 J - a scroll of torment {unknown}
 K - a scroll of vulnerability {unknown}
 N - a scroll of acquirement {unknown}
Potions
 b - 3 potions of magic
 c - 2 potions of heal wounds
 f - 3 potions of resistance
 h - a potion of cancellation
 j - 3 potions of haste {unknown}
 m - 2 potions of invisibility
 n - a potion of lignification {unknown}
 o - 2 potions of curing
 x - a potion of brilliance {unknown}
 z - a potion of might {unknown}
 A - a potion of berserk rage {unknown}
 D - a potion of mutation {unknown}
 L - 3 potions of flight
 M - 2 potions of ambrosia {unknown}
 S - a potion of attraction {unknown}


   Skills:
 + Level 8.1 Fighting
 - Level 3.1 Armour
 - Level 3.7 Dodging
 - Level 1.5 Stealth
 - Level 3.0 Shields
 + Level 6.2 Spellcasting
 + Level 3.2 Conjurations
 - Level 0.6 Transmutations
 - Level 12.0 Earth Magic


You had 16 spell levels left.
You knew the following spells:

 Your Spells              Type           Power      Damage    Failure   Level
a - Sandblast             Erth           100%       2d20      1%          1
b - Passwall              Tmut/Erth      24%        N/A       1%          2
c - Stone Arrow           Conj/Erth      68%        3d11      1%          3

Your spell library contained the following spells:

 Spells                   Type           Power      Damage    Failure   Level
 Petrify                  Tmut/Erth      29%        N/A       4%          4
 Animate Armour           Summ/Erth      56%        N/A       5%          4
 Leda's Liquefaction      Hex/Erth       14%        N/A       5%          4
 Freeze                   Ice            20%        1d4       6%          1
 Necrotise                Necr           20%        1d5       6%          1
 Cigotuvi's Dreadful Rot  Necr/Pois/Air  10%        N/A       9%          2
 Hailstorm                Conj/Ice       12%        3d5       9%          3
 Call Canine Familiar     Summ           5%         N/A       17%         3
 Frozen Ramparts          Ice            10%        1d2       17%         3
 Gell's Gravitas          Tloc           5%         N/A       17%         3
 Inner Flame              Hex/Fire       5%         N/A       17%         3
 Portal Projectile        Hex/Tloc       10%        N/A       17%         3
 Teleport Other           Tloc           5%         N/A       17%         3
 Vampiric Draining        Necr           5%         2d6       17%         3
 Flame Wave               Conj/Fire      12%        2d6       28%         4
 Sticky Flame             Conj/Fire      12%        2d4       28%         4
 Anguish                  Hex/Necr       2%         N/A       50%         4
 Animate Dead             Necr           5%         N/A       50%         4
 Dispel Undead            Necr           5%         3d7       50%         4
 Agony                    Necr           5%         N/A       82%         5
 Death Channel            Necr           2%         N/A       100%        6
 Dispersal                Tloc           2%         N/A       100%        6
 Lehudib's Crystal Spear  Conj/Erth      17%        10d5      100%        8


Dungeon Overview and Level Annotations

Branches:
Dungeon (9/15)             Temple (1/1) D:4            Lair (1/5) D:8
Ossuary (visited)
    Orc: D:9-12

Altars:
Ashenzari
Cheibriados
Dithmenos
Elyvilon
Fedhas
Gozag
Hepliaklqana
Kikubaaqudgha
Makhleb
Nemelex Xobeh
Okawaru
Qazlal
Ru
Sif Muna
Trog
Uskayaw
Vehumet
Wu Jian
Xom
Yredelemnul
Zin
The Shining One

Shops:
D:2 *   D:7 ?   D:8 *

Annotations:
D:2 Sigmund


Message History

Casting: Sandblast (safe; 1% risk of failure)
Confirm with . or Enter, or press ? or * to list all spells.
Aiming: Sandblast (safe; 1% risk of failure)
Press: ? - help, Shift-Dir - straight line, f/p - basilisk
Aim: a basilisk (almost dead, 82% to hit)
The blast of sand hits the basilisk!!
You kill the basilisk!
Kikubaaqudgha accepts your kill.
A yak comes into view.
Throw: 80 stones
Press: ? - help, Q - select action, (/) - cycle Shift-Dir - straight line, f - yak
Aim: a yak (asleep, 98% to hit)
You throw a stone.
The stone hits the yak but does no damage.
Unknown command.
Casting: Sandblast (safe; 1% risk of failure)
Confirm with . or Enter, or press ? or * to list all spells.
Aiming: Stone Arrow (safe; 1% risk of failure)
Press: ? - help, Shift-Dir - straight line, f/p - yak
Aim: a yak (84% to hit)
The stone arrow hits the yak!!
The yak is heavily wounded.
Casting: Stone Arrow (safe; 1% risk of failure)
Confirm with . or Enter, or press ? or * to list all spells.
Aiming: Stone Arrow (safe; 1% risk of failure)
Press: ? - help, Shift-Dir - straight line, f/p - yak
Aim: a yak (heavily wounded, 84% to hit)
The stone arrow hits the yak!
The yak is severely wounded.
Casting: Stone Arrow (safe; 1% risk of failure)
Confirm with . or Enter, or press ? or * to list all spells.
Aiming: Sandblast (safe; 1% risk of failure)
Press: ? - help, Shift-Dir - straight line, f/p - yak
Aim: a yak (severely wounded, 91% to hit)
The blast of sand hits the yak!!
You kill the yak!
Kikubaaqudgha accepts your kill. Kikubaaqudgha grants you a gift!
You add the spells Anguish, Dispel Undead, Agony and Death Channel to your library.
Are you sure you want to abandon this character and quit the game? (Confirm with "yes".)

#......###...........
#......##P.#.......P#
#.##...###..........# ##
###..##.###...##..
##...##.###..## ###
#P....#.....##
♣P###.....#...#..#
...##....##....#.#
.........##.P##.@##
...###...##.####..# ...#
##.###.# ##†# .. ...#
#.###.# ##.##..Y.
#.#####.#P#.# #........
####........##.....#....
#.....#####...(.# .##
#......#.##...#.# #
##.#..........#.#


There were no monsters in sight!

Vanquished Creatures
  A two-headed ogre (D:9)
  A cyclops (D:9)
  A rime drake (Lair:1)
  Prince Ribbit (D:8)
  A hornet (D:9)
  Grinder (D:3)
  7 yaks
  A shadow (D:9)
  A steam dragon (D:8)
  A basilisk (Lair:1)
  2 water moccasins
  3 ice beasts
  4 black bears
  4 orc warriors
  A sky beast (D:6)
  2 ogres
  A centaur (D:8)
  2 kobold brigands
  6 bullfrogs
  A gnoll sergeant (D:9)
  13 scorpions
  5 killer bees
  4 electric eels (D:7)
  3 howler monkeys
  A jelly (D:5)
  4 hounds (D:5)
  2 gnoll boudas
  5 orc priests
  3 human zombies (Ossuary)
  Natasha (thrice) (D:3)
  2 orc wizards (D:7)
  5 scorpion zombies (Ossuary)
  A sleepcap (D:7)
  3 iguanas
  3 mummies (Ossuary)
  Robin (D:3)
  13 gnolls
  11 adders
  A shadow imp (D:6)
  2 white imps (D:5)
  2 ufetubi
  3 worms
  23 orcs
  9 ball pythons
  7 bats
  6 endoplasms
  16 giant cockroaches
  3 gnoll zombies (Ossuary)
  15 goblins
  9 hobgoblins
  6 jackals
  4 quokkas
  2 goblin zombies (Ossuary)
  14 kobolds
  A kobold zombie (Ossuary)
  3 orc zombies (Ossuary)
  7 rats
257 creatures vanquished.

Vanquished Creatures (others)
  26 plants
26 creatures vanquished.

Grand Total: 283 creatures vanquished

Notes
Turn   | Place    | Note
-------+----------+-------------------------------------------
     0 | D:1      | WillB5 the Hill Orc Earth Elementalist began the quest for
                  | the Orb.
     0 | D:1      | Reached XP level 1. HP: 14/14 MP: 3/3
   187 | D:1      | Reached XP level 2. HP: 20/20 MP: 1/4
   288 | D:1      | Reached skill level 4 in Earth Magic
   348 | D:1      | Reached XP level 3. HP: 22/26 MP: 1/5
   647 | D:1      | Learned a level 2 spell: Passwall
   988 | D:2      | Noticed Sigmund
  1079 | D:2      | Reached XP level 4. HP: 33/33 MP: 1/6
  1151 | D:2      | Found an ornate altar of the Wu Jian Council.
  1419 | D:2      | Reached skill level 5 in Earth Magic
  1421 | D:2      | Found Jij Dava's Assorted Antiques.
  1787 | D:3      | Identified the +4 scale mail of Eternal Vigilance {Int+3
                  | Stlth+}
  1957 | D:3      | Noticed Grinder
  2067 | D:3      | Reached XP level 5. HP: 38/38 MP: 6/8
  2072 | D:3      | Identified the +7 dagger "Polyoq" {heavy, rC+ Will++}
  2253 | D:3      | Noticed Natasha
  2260 | D:3      | Killed Natasha
  2328 | D:3      | Noticed Robin
  2548 | D:3      | Reached skill level 6 in Earth Magic
  2550 | D:3      | Killed Robin
  2621 | D:3      | Noticed Natasha
  2624 | D:3      | Killed Natasha
  2625 | D:3      | Reached XP level 6. HP: 45/45 MP: 6/9
  2692 | D:3      | Killed Grinder
  2693 | D:3      | Reached skill level 7 in Earth Magic
  2693 | D:3      | Reached XP level 7. HP: 45/56 MP: 2/10
  2798 | D:3      | Noticed Natasha
  2807 | D:3      | Killed Natasha
  3085 | D:4      | Found a sand-covered staircase.
  3095 | Ossuary  | Entered an ossuary
  3448 | Ossuary  | Reached skill level 5 in Fighting
  3511 | Ossuary  | Reached XP level 8. HP: 61/68 MP: 6/11
  3549 | Ossuary  | Reached skill level 8 in Earth Magic
  3627 | Ossuary  | Learned a level 3 spell: Stone Arrow
  3789 | Ossuary  | Reached skill level 9 in Earth Magic
  4264 | D:4      | Reached skill level 10 in Earth Magic
  4362 | D:4      | Found a staircase to the Ecumenical Temple.
  4379 | Temple   | Entered the Ecumenical Temple
  4380 | Temple   | Found a transporter.
  4380 | Temple   | Found a transporter.
  4382 | Temple   | Found a transporter.
  4382 | Temple   | Found a transporter.
  4408 | Temple   | Became a worshipper of Kikubaaqudgha
  4702 | D:4      | Reached XP level 9. HP: 74/74 MP: 10/12
  5112 | D:5      | Entered Level 5 of the Dungeon
  5723 | D:6      | Reached skill level 11 in Earth Magic
  5853 | D:6      | Reached * piety under Kikubaaqudgha
  5853 | D:6      | Received a gift from Kikubaaqudgha
  6220 | D:7      | Reached skill level 1 in Armour
  6600 | D:7      | Reached XP level 10. HP: 82/83 MP: 10/16
  6634 | D:7      | Reached ** piety under Kikubaaqudgha
  6641 | D:7      | Found Diosouna's Magic Scroll Shop.
  6677 | D:7      | Bought a scroll of identify for 28 gold pieces
  6678 | D:7      | Bought a scroll of identify for 28 gold pieces
  6679 | D:7      | Bought a scroll of identify for 28 gold pieces
  6680 | D:7      | Bought a scroll of noise for 14 gold pieces
  7461 | D:8      | Found a staircase to the Lair.
  7606 | D:8      | Identified the +3 war axe of Upheaval {venom, Fly rPois
                  | rF++}
  7644 | D:8      | Found a stormy altar of Qazlal.
  7648 | D:8      | Found a blossoming altar of Fedhas.
  7650 | D:8      | Found a radiant altar of Vehumet.
  7651 | D:8      | Found a snail-covered altar of Cheibriados.
  7655 | D:8      | Found a shimmering blue altar of Sif Muna.
  7696 | D:8      | Found the +15 Maxwell's patent armour {-Cast -Tele rElec
                  | Will+ rCorr}
  7700 | D:8      | Noticed Prince Ribbit
  7712 | D:8      | Killed Prince Ribbit
  7713 | D:8      | Reached skill level 5 in Spellcasting
  7713 | D:8      | Reached skill level 12 in Earth Magic
  7971 | D:8      | Reached skill level 1 in Shields
  7994 | D:8      | Found Memn's Assorted Antiques.
  8243 | D:9      | Noticed a two-headed ogre
  8247 | D:9      | Killed a two-headed ogre
  8559 | D:9      | Noticed a cyclops
  8562 | D:9      | Killed a cyclops
  8563 | D:9      | Reached skill level 1 in Conjurations
  8619 | D:9      | Reached XP level 11. HP: 92/92 MP: 15/19
  8769 | D:9      | Identified the +5 ring mail of the Midnight Sun {rF+}
  9050 | D:9      | Paralysed by a hornet for 1 turns
  9143 | Lair:1   | Entered Level 1 of the Lair of Beasts
  9261 | Lair:1   | Reached *** piety under Kikubaaqudgha
  9261 | Lair:1   | Received a gift from Kikubaaqudgha
  9262 | Lair:1   | Quit the game

Illustrated notes

Levels and vault maps discovered:
D:1:      lemuel_arrival_muddy, layout_basic, minmay_liquid_box
D:2:      minmay_roachtagon, layout_basic, basic_altar, serial_shops, shop,
          uniq_sigmund
D:3:      layout_basic, uniq_natasha, uniq_grinder, uniq_robin
D:4:      layout_basic, minmay_temple_entry_large_hall, enter_ossuary_1,
          kennysheep_dice
D:5:      layout_rooms
D:6:      wander_river, layout_cave_pods, serial_bayou_pond_e,
          chequers_serial_rivers_micro_a
D:7:      layout_rooms, serial_shops, shop, serial_bayou_lake_a
D:8:      layout_loops_cross, chequers_temple_overflow_minitemple,
          dpeg_oklobed_lair, serial_shops, nicolae_shop_peninsula,
          dreamdust_deal_with_the_devil, uniq_prince_ribbit1
D:9:      minmay_weird_star, layout_loops_ring
Temple:   hellmonk_temple_divided_pantheon
Lair:1:   layout_misc_corridors, serial_bayou_shore_b, grunt_megastairs_3,
          lemuel_fruit_fields, serial_bayou_shore_a, infiniplex_staircase_pool

Skill      XL: |  1  2  3  4  5  6  7  8  9 10 11 |
---------------+----------------------------------+-----
Earth Magic    | 4 5 6 7 10 11 12 | 12.0
Spellcasting   | 2 4 5 6 |  6.2
Fighting       | 2 5 7 8 |  8.1
Armour         | 2 3 |  3.1
Dodging        | 3 |  3.7
Shields        | 3 |  3.0
Conjurations   | 1 3 |  3.2
Stealth        | |  1.5
Transmutations | |  0.6

Action                     |  1- 3 |  4- 6 |  7- 9 | 10-12 || total
---------------------------+-------+-------+-------+-------++-------
  Melee: Dagger            |     4 |     1 |     7 |       ||    12
   Fire: Sling             |     4 |     3 |    11 |       ||    18
  Throw: Stone             |     2 |     6 |     7 |    10 ||    25
         Dart              |       |       |    10 |       ||    10
   Cast: Sandblast         |    40 |    82 |   228 |    58 ||   408
         Passwall          |     1 |     4 |    10 |       ||    15
         Stone Arrow       |       |       |    15 |    86 ||   101
    Use: Scroll            |       |     5 |     4 |     9 ||    18
         Potion            |       |       |       |     2 ||     2
 Armour: Robe              |       |     4 |    26 |     7 ||    37
         Steam dragon scal |       |       |       |     8 ||     8
  Dodge: Dodged            |     3 |    10 |    77 |    37 ||   127
  Block: Buckler           |       |       |       |     3 ||     3
